 Dungeon Crawl Stone Soup version 0.31-a0-360-gb3e1d13bf4 (webtiles) character file.

Game seed: 3486829953118711373

328 Powssss the Covered (level 6, -19/56 HPs)
             Began as a Minotaur Fighter on July 26, 2023.
             Demolished by an ogre
             ... wielding a +0 giant spiked club
              (24 damage)
             ... on level 4 of the Dungeon.
             The game lasted 00:06:19 (2577 turns).

Powssss the Covered (Minotaur Fighter)              Turns: 2577, Time: 00:06:20

Health: -19/56     AC:  8    Str: 23    XL:     6   Next: 25%
Magic:  5/5        EV:  9    Int:  5    God:
Gold:   226        SH:  4    Dex:  9    Spells: 5/5 levels left

rFire   . . .        a - +0 flail
rCold   . . .        c - +0 buckler
rNeg    . . .        b - +0 scale mail
rPois   .            (helmet restricted)
rElec   .            (no cloak)
rCorr   .            j - +0 pair of gloves
SInv    .            (no boots)
Will    .....        (no amulet) Stlth
                     (no ring)
HPRegen 0.29/turn    (no ring)
MPRegen 0.09/turn

%: no passive effects
@: no status effects
A: horns 2, retaliatory headbutt
a: no special abilities


You were on level 4 of the Dungeon.
You visited 1 branch of the dungeon, and saw 4 of its levels.

You collected 226 gold pieces.

Inventory:

Hand Weapons
 a - a +0 flail (weapon)
Missiles
 r - 2 poisoned darts
 u - 2 curare-tipped darts
Armour
 b - a +0 scale mail (worn)
 c - a +0 buckler (worn)
 j - a +0 pair of gloves (worn)
Jewellery
 q - a ring of ice
Wands
 l - a wand of flame (16)
 m - a wand of roots (10)
Scrolls
 e - 2 scrolls of noise {unknown}
 f - 3 scrolls of identify {unknown}
 g - a scroll of fog {unknown}
 k - a scroll of summoning {unknown}
 n - 2 scrolls of enchant weapon {unknown}
 p - a scroll of revelation {unknown}
 s - a scroll of teleportation {unknown}
 t - a scroll of amnesia {unknown}
 v - a scroll of poison {unknown}
Potions
 d - 4 potions of might
 h - a potion of magic {unknown}
 i - a potion of attraction {unknown}
 o - a potion of invisibility {unknown}


   Skills:
 + Level 5.1 Fighting
 + Level 4.3 Maces & Flails
 + Level 1.2 Throwing
 * Level 5.4 Armour
 + Level 5.0 Shields


You had 5 spell levels left.
You didn't know any spells.
Your spell library contained the following spells:

 Spells                   Type           Power      Damage    Failure   Level
 Apportation              Tloc           0%         N/A       83%         1
 Necrotise                Necr           0%         1d4       83%         1
 Summon Small Mammal      Summ           0%         N/A       83%         1


Dungeon Overview and Level Annotations

Branches:
Dungeon (4/15)
 Temple: D:4-7

Altars:
Trog

Shops:
D:2 =!!


Innate Abilities, Weirdness & Mutations

You have a pair of horns on your head.
You reflexively headbutt those who attack you in melee.


Message History

No target in view!
You now have 188 gold pieces (gained 8).
You see here an adder corpse.
You open the door.
There is an open door here.
You now have 195 gold pieces (gained 7).
You now have 200 gold pieces (gained 5).
You now have 213 gold pieces (gained 13).
There is a bloodstained altar of Trog here.
You now have 226 gold pieces (gained 13).
There is an open door here.
An ogre comes into view. It is wielding a +0 giant spiked club.
Found a scroll labelled WAELOFU GIMO.
Found a stone staircase leading down.
The ogre shouts!
You see here a yellow potion.
The ogre hits you with a +0 giant spiked club!!
You barely miss the ogre. Your headbutt misses the ogre. You hit the ogre.
Your headbutt misses the ogre.
The ogre is lightly wounded.
The ogre hits you with a +0 giant spiked club.
You barely miss the ogre.
The ogre is lightly wounded.
The ogre hits you with a +0 giant spiked club.
You are too injured to fight recklessly!
You are too injured to fight recklessly!
You are too injured to fight recklessly!
You are too injured to fight recklessly!
You barely miss the ogre. You headbutt the ogre.
The ogre is moderately wounded.
The ogre hits you with a +0 giant spiked club!
You barely miss the ogre. You headbutt the ogre.
The ogre is moderately wounded.
You hit the ogre. Your headbutt misses the ogre.
The ogre is heavily wounded.
The ogre hits you with a +0 giant spiked club!
* * * LOW HITPOINT WARNING * * *
You sock the ogre!
The ogre is severely wounded.
The ogre hits you with a +0 giant spiked club!!
You die...

#.#. #.#.
#...########
#>........?# .
#.........#
..##.........#
.......O.....##
#...@.......
#.........##
#....$....#
#...!.....#
#.........# .###
#### ###..######
.......#..# #..#
.......#..# ##..#
.......#..####...#


You could see an ogre.

Vanquished Creatures
  2 orc priests (D:3)
  Jessica (D:2)
  Natasha (thrice) (D:3)
  6 adders
  5 gnolls
  A worm (D:2)
  2 dart slugs (D:2)
  4 orcs (D:3)
  2 endoplasms
  A giant cockroach (D:3)
  8 goblins
  3 hobgoblins
  3 jackals (D:2)
  3 quokkas
  4 ball pythons
  8 bats
  A frilled lizard (D:1)
  5 kobolds
  4 rats
66 creatures vanquished.

Notes
Turn   | Place    | Note
-------+----------+-------------------------------------------
     0 | D:1      | Powssss the Minotaur Fighter began the quest for the Orb.
     0 | D:1      | Reached XP level 1. HP: 19/19 MP: 0/0
    88 | D:1      | Reached XP level 2. HP: 27/27 MP: 1/1
   305 | D:1      | Reached XP level 3. HP: 32/33 MP: 2/2
   922 | D:2      | Noticed Jessica
   937 | D:2      | Killed Jessica
   938 | D:2      | Reached XP level 4. HP: 36/41 MP: 3/3
  1022 | D:2      | Found Joppamp's Distillery.
  1199 | D:2      | Found Askaing's Distillery.
  1239 | D:2      | Found Abiworch's Jewellery Boutique.
  1477 | D:3      | Reached XP level 5. HP: 25/47 MP: 4/4
  1870 | D:3      | Noticed Natasha
  1877 | D:3      | Killed Natasha
  2039 | D:3      | Reached skill level 5 in Armour
  2100 | D:3      | Reached skill level 5 in Fighting
  2236 | D:3      | Noticed Natasha
  2244 | D:3      | Killed Natasha
  2245 | D:3      | Reached skill level 1 in Throwing
  2245 | D:3      | Reached XP level 6. HP: 45/56 MP: 5/5
  2433 | D:3      | Noticed Natasha
  2441 | D:3      | Killed Natasha
  2442 | D:3      | Reached skill level 5 in Shields
  2511 | D:4      | Found a bloodstained altar of Trog.
  2577 | D:4      | Demolished by an ogre

Illustrated notes

Levels and vault maps discovered:
D:1:      minmay_arrival_glassed_features, layout_basic
D:2:      layout_basic, serial_shops, nicolae_shop_gaudy_bauble, shop,
          nicolae_shop_advertising_works [nicolae_subvault_shop_adworks],
          minmay_pentomino_o4, uniq_jessica
D:3:      layout_basic, minmay_quantized, uniq_natasha
D:4:      layout_rooms, amcnicky_altar_gilded, nzn_wu_jian_contemplation,
          grunt_dithmenos_smoke, minmay_temple_entry_mini_moons,
          minmay_bisected, uniq_crazy_yiuf_cottage

Skill      XL: |  1  2  3  4  5  6 |
---------------+-------------------+-----
Fighting       | 4 5 |  5.1
Shields        | 4 5 |  5.0
Armour         | 4 5 |  5.4
Maces & Flails | 3 4 |  4.3
Throwing       | 1 |  1.2

Action                     |  1- 3 |  4- 6 || total
---------------------------+-------+-------++-------
  Melee: Flail             |    65 |   113 ||   178
         Headbutt          |    12 |    12 ||    24
 Armour: Scale mail        |    40 |    46 ||    86
  Dodge: Dodged            |    29 |    36 ||    65
  Block: Buckler           |    15 |    21 ||    36

Table legend: (Time is in decaauts)
 A = Elapsed time spent in this place.
 B = Non-inter-level travel time spent in this place.
 C = Inter-level travel time spent in this place.
 D = Time resting spent in this place.
 E = Time spent auto-exploring this place.
 F = Levels seen in this place.
 G = Mean time per level.
                   A        B        C        D        E       F      G
               +--------+--------+--------+--------+--------+-----+--------+
         Total |   2620 |   2592 |     28 |     85 |   1921 |   4 |  655.0 |
       Dungeon |   2620 |   2592 |     28 |     85 |   1921 |   4 |  655.0 |
               +--------+--------+--------+--------+--------+-----+--------+

Top non-repeatable levels by time:
     D:3: 1114 daAuts
     D:1: 829 daAuts
     D:2: 564 daAuts
     D:4: 112 daAuts
